 Dungeon Crawl Stone Soup version 0.32-a0-918-g0f22ef8d61 (console) character file.

Game seed: 11194202572427633362

63667 jejorda2 the Spear-Bearer (level 15, -1/120 HPs)
             Began as a Gnoll Berserker on Apr 10, 2024.
             Was a High Priest of Trog.
             Slain by Snorg (24 damage)
             ... on level 13 of the Dungeon on Apr 11, 2024.
             The game lasted 00:44:57 (16027 turns).

jejorda2 the Spear-Bearer (Gnoll Berserker)        Turns: 16027, Time: 00:45:00

Health: -1/120     AC: 21    Str: 33    XL:     15   Next: 10%
Magic:  29/29      EV: 16    Int:  3    God:    Trog [*****.]
Gold:   1880       SH: 14    Dex:  9    Spells: 34/34 levels left

rFire   . . .        a - +2 spear (heavy)
rCold   + . .        e - +4 kite shield of Jenk {rPois rN+ Regen+}
rNeg    + + +        O - +1 chain mail {rC+}
rPois   +            v - +0 helmet
rElec   .            (no cloak)
rCorr   .            r - +2 pair of gloves {Str+3}
SInv    .            b - +2 pair of boots {rampage}
Will    +++++        w - amulet of regeneration
Stlth   ++           M - ring of Berevyil {rN+++ Will+++ EV+5 Int-4 Dex-2}
HPRegen 3.00/turn    u - +6 ring of strength
MPRegen 0.21/turn

%: rampage
@: strong-willed, on berserk cooldown, regenerating, slowed, very slow
A: fangs 1, strong nose, distributed training
a: Renounce Religion, Berserk, Trog's Hand, Brothers in Arms


You were on level 13 of the Dungeon.
You worshipped Trog.
Trog was extremely pleased with you.
You visited 2 branches of the dungeon, and saw 18 of its levels.
You also visited: Ice Cave.

You collected 1880 gold pieces.

Inventory:

Hand Weapons
 a - a +2 heavy spear (weapon)
 B - a +0 trident
Missiles
 g - 3 darts of dispersal
 n - 36 poisoned darts
 A - 12 javelins (quivered)
 D - 7 curare-tipped darts
 F - 7 boomerangs
 N - 5 datura-tipped darts
Armour
 b - a +2 pair of boots of rampaging (worn)
 e - the +4 kite shield of Jenk (worn) {rPois rN+ Regen+}
   (You acquired it on level 7 of the Dungeon)

   rPois:     It protects you from poison.
   rN+:       It protects you from negative energy.
   Regen+:    It increases your rate of health regeneration.
 r - a +2 pair of gloves of strength (worn)
 v - a +0 helmet (worn)
 O - a +1 chain mail of cold resistance (worn)
Jewellery
 u - a +6 ring of strength (right hand)
 w - an amulet of regeneration (around neck)
 M - the ring of Berevyil (left hand) {rN+++ Will+++ EV+5 Int-4 Dex-2}
   (You acquired it on level 4 of the Lair of Beasts)

   [ring of evasion]

   EV+5:      It affects your evasion (+5).
   Int-4:     It affects your intelligence (-4).
   Dex-2:     It affects your dexterity (-2).
   rN+++:     It renders you almost immune to negative energy.
   Will+++:   It greatly increases your willpower.
Wands
 c - a wand of mindburst (5)
 o - a wand of light (2)
 y - a wand of paralysis (14)
 z - a wand of flame (3)
 L - a wand of warping (11)
 Q - a wand of polymorph (6)
Scrolls
 d - 4 scrolls of fog
 f - 4 scrolls of fear
 i - a scroll of poison
 j - 10 scrolls of teleportation
 p - 4 scrolls of revelation
 I - a scroll of blinking
Potions
 k - 10 potions of curing
 l - 2 potions of might
 q - 3 potions of haste
 s - 3 potions of attraction
 t - a potion of cancellation
 C - 9 potions of heal wounds
 E - 2 potions of invisibility
 G - 2 potions of enlightenment
 K - a potion of ambrosia
Miscellaneous
 m - a phial of floods
 H - a tin of tremorstones (2/2)


   Skills:
 + Level 12.1 Fighting
 + Level 10.2 Short Blades
 + Level 10.2 Long Blades
 + Level 10.2 Axes
 + Level 10.2 Maces & Flails
 + Level 12.1 Polearms
 + Level 10.2 Staves
 + Level 10.2 Ranged Weapons
 + Level 10.2 Throwing
 + Level 11.2 Armour
 + Level 11.2 Dodging
 + Level 10.2 Stealth
 + Level 10.2 Shields
 + Level 10.2 Unarmed Combat
 + Level 10.2 Spellcasting
 + Level 8.6 Conjurations
 + Level 8.6 Hexes
 + Level 8.6 Summonings
 + Level 8.6 Necromancy
 + Level 8.6 Translocations
 + Level 8.6 Fire Magic
 + Level 8.6 Ice Magic
 + Level 8.6 Air Magic
 + Level 8.6 Earth Magic
 + Level 8.6 Alchemy
 + Level 11.1 Invocations
 + Level 10.2 Evocations
 + Level 9.4 Shapeshifting


You had 34 spell levels left.
You didn't know any spells.
Your spell library was empty.

Dungeon Overview and Level Annotations

Branches:
Dungeon (13/15)            Temple (0/1) D:4            Lair (5/5) D:8
 Shoals (0/4) Lair:2       Spider (0/4) Lair:2        Slime (0/5) Lair:4
    Orc (0/2) D:10          IceCv (visited)
 Vaults: D:13-14

Altars:
Elyvilon
Nemelex Xobeh
Qazlal
Trog
Wu Jian
Beogh

Shops:
D:8 !:(

Annotations:
D:13 Snorg
Lair:3 exclusion: oklob plant


Innate Abilities, Weirdness & Mutations

You have very sharp teeth.
Your uncanny sense of smell can sniff out nearby items.
Your experience applies equally to all skills.


Message History

Snorg is lightly wounded.
You impale Snorg!! You bite Snorg.
Snorg is lightly wounded.
You block Snorg's attack. Snorg claws you but does no damage.
You block Snorg's attack.
You puncture Snorg!
Snorg is moderately wounded.
You are no longer berserk.
You are exhausted.
You feel yourself slow down.
You closely miss Snorg. You bite Snorg.
Snorg is moderately wounded.
Snorg closely misses you. x2; Snorg claws you.
You block Snorg's attack. Snorg claws you but does no damage.
You block Snorg's attack.
You closely miss Snorg.
Snorg is moderately wounded.
Snorg completely misses you. You block Snorg's attack. Snorg barely misses you.
You block Snorg's attack. Snorg claws you! Snorg claws you.
You puncture Snorg!
Snorg is moderately wounded.
Snorg bites you!!
You block Snorg's attack. x2; Snorg completely misses you.
Snorg claws you but does no damage. You block Snorg's attack.
You barely miss Snorg.
Snorg is moderately wounded.
Snorg bites you!! You block Snorg's attack. Snorg claws you!
* * * LOW HITPOINT WARNING * * *
You are too injured to fight recklessly!
You are too injured to fight recklessly!
Press: ? - help, v - describe, . - travel
Here: Snorg (moderately wounded, berserk)
The floor, spattered with blood.
Unknown command.
Aiming: Paralyse
Press: ? - help, Shift-Dir - straight line, f/p - Snorg
Aim: Snorg (moderately wounded, berserk, chance to affect: 37%) Snorg easily resists.
Snorg closely misses you. Snorg claws you!
* * * LOW HITPOINT WARNING * * *
Snorg closely misses you. Snorg barely misses you. You block Snorg's attack. x2
Snorg bites you!!
You die...

#.. ##......#
...####.......#
#....#.........
##.............
....^.####..............
......#.................
.................T......
..........#.....@.......
..........###..)........
..........###..†........
.......##.##............
.<......................
..>.#..##..§§§§.........
....##.#..§§§§§.........
.####......§§§.§§.....##
.## ##.#..§§....§§§....


You could see Snorg (berserk).

Vanquished Creatures
  Rupert (D:13)
  Kirke (Lair:5)
  3 hydras
  A boulder beetle (D:11)
  3 two-headed ogres
  Urug (D:11)
  Sonja (Lair:3)
  A skyshark (Lair:4)
  2 skeletal warriors (D:12)
  2 bog bodies (IceCv)
  Pikel (D:5)
  4 harpies (Lair:2)
  2 ugly things
  A cyclops (D:11)
  A manticore (D:12)
  Joseph (D:8)
  5 black mambas
  An ice statue (IceCv)
  5 elephants
  2 gargoyles (D:11)
  7 cane toads
  An ice devil (IceCv)
  9 rime drakes
  2 unseen horrors
  3 kobold demonologists
  9 komodo dragons
  Psyche (D:12)
  An anaconda simulacrum (IceCv)
  7 trolls
  5 hornets (Lair:5)
  9 polar bears
  8 dream sheep (Lair:5)
  10 blink frogs
  Grinder (D:6)
  13 spriggans (Lair:5)
  A shadow (D:10)
  A wraith (D:11)
  2 hogs (Lair:5)
  3 dire elephant simulacra (IceCv)
  10 basilisks
  A steam dragon (D:9)
  34 yaks
  4 wyverns
  A death yak simulacrum (IceCv)
  4 vampire mosquitoes
  A harpy simulacrum (IceCv)
  15 water moccasins
  3 acid dragons
  Duvessa (D:6)
  A hydra simulacrum (IceCv)
  An ice beast (D:6)
  4 black bears
  7 orc warriors
  30 wolves
  4 ogres
  3 boggarts (Lair:5)
  5 centaurs
  3 phantoms
  11 bullfrogs
  7 kobold brigands
  Blork the orc (D:6)
  2 gnoll sergeants
  5 scorpions
  5 two-headed ogre simulacra (IceCv)
  6 wights
  Dowan (D:6)
  3 elephant simulacra (IceCv)
  3 troll zombies (D:10)
  4 killer bees (D:11)
  A vampire bat (Lair:5)
  An electric eel (Lair:3)
  5 hounds
  10 orc priests
  3 jellies
  2 sleepcaps
  An iguana (D:6)
  13 orc wizards
  9 hell rats
  2 spriggan simulacra (IceCv)
  6 troll simulacra (IceCv)
  3 wolf simulacra (IceCv)
  2 polar bear simulacra (IceCv)
  5 ogre zombies (D:10)
  13 gnolls
  7 naga simulacra (IceCv)
  10 adders
  8 white imps (IceCv)
  10 ufetubi
  4 dart slugs
  46 orcs
  5 endoplasms
  3 giant cockroaches
  5 gnoll zombies (D:10)
  8 goblins
  8 hobgoblins
  4 jackals
  A quokka (D:2)
  5 ball pythons
  10 bats
  4 frilled lizards
  3 gnoll skeletons (D:10)
  26 kobolds
  5 orc skeletons (D:10)
  12 orc zombies (D:10)
  2 rats
574 creatures vanquished.

Vanquished Creatures (collateral kills)
  A hydra (Lair:5)
  2 skeletal warriors (D:12)
  3 elephants (Lair:5)
  3 blink frogs (Lair:5)
  4 dream sheep (Lair:5)
  A water moccasin (Lair:5)
14 creatures vanquished.

Vanquished Creatures (others)
  A dream sheep (Lair:5)
  5 humans (Lair:5)
6 creatures vanquished.

Grand Total: 594 creatures vanquished

Notes
Turn   | Place    | Note
-------+----------+-------------------------------------------
     0 | D:1      | jejorda2 the Gnoll Berserker began the quest for the Orb.
     0 | D:1      | Reached XP level 1. HP: 23/23 MP: 1/1
   125 | D:1      | Reached XP level 2. HP: 29/29 MP: 2/2
   711 | D:2      | Reached XP level 3. HP: 35/35 MP: 3/3
   845 | D:2      | Reached skill level 1 in Invocations
   845 | D:2      | Reached ** piety under Trog
   929 | D:2      | Reached skill level 1 in Short Blades
   929 | D:2      | Reached skill level 1 in Long Blades
   929 | D:2      | Reached skill level 1 in Axes
   929 | D:2      | Reached skill level 1 in Maces & Flails
   929 | D:2      | Reached skill level 1 in Staves
   929 | D:2      | Reached skill level 1 in Ranged Weapons
   929 | D:2      | Reached skill level 1 in Throwing
   929 | D:2      | Reached skill level 1 in Stealth
   929 | D:2      | Reached skill level 1 in Shields
   929 | D:2      | Reached skill level 1 in Unarmed Combat
   929 | D:2      | Reached skill level 1 in Spellcasting
   929 | D:2      | Reached skill level 1 in Evocations
   953 | D:2      | Identified the +8 short sword "Xeihuv" {heavy, rN++ Str-5
                  | Int+6}
  1040 | D:2      | Reached skill level 1 in Shapeshifting
  1040 | D:2      | Reached XP level 4. HP: 41/41 MP: 5/5
  1197 | D:2      | Reached skill level 1 in Conjurations
  1197 | D:2      | Reached skill level 1 in Hexes
  1197 | D:2      | Reached skill level 1 in Summonings
  1197 | D:2      | Reached skill level 1 in Necromancy
  1197 | D:2      | Reached skill level 1 in Translocations
  1197 | D:2      | Reached skill level 1 in Fire Magic
  1197 | D:2      | Reached skill level 1 in Ice Magic
  1197 | D:2      | Reached skill level 1 in Air Magic
  1197 | D:2      | Reached skill level 1 in Earth Magic
  1197 | D:2      | Reached skill level 1 in Alchemy
  1354 | D:3      | Found a white marble altar of Elyvilon.
  1386 | D:3      | Found a sparkling altar of Nemelex Xobeh.
  1870 | D:3      | Reached XP level 5. HP: 28/47 MP: 5/7
  2138 | D:4      | Reached XP level 6. HP: 51/53 MP: 8/8
  2390 | D:4      | Found a staircase to the Ecumenical Temple.
  2593 | D:4      | Reached skill level 5 in Armour
  2593 | D:4      | Reached skill level 5 in Dodging
  2639 | D:4      | Found a bloodstained altar of Trog.
  2905 | D:5      | Entered Level 5 of the Dungeon
  3179 | D:5      | Reached XP level 7. HP: 60/60 MP: 10/10
  3234 | D:5      | Reached *** piety under Trog
  3400 | D:5      | Noticed Pikel
  3415 | D:5      | Killed Pikel
  3416 | D:5      | Reached XP level 8. HP: 67/67 MP: 11/13
  4081 | D:6      | Noticed Dowan
  4084 | D:6      | Noticed Duvessa
  4096 | D:6      | Reached XP level 9. HP: 73/73 MP: 14/14
  4103 | D:6      | Killed Duvessa
  4114 | D:6      | Killed Dowan
  4118 | D:6      | Noticed Blork the orc
  4124 | D:6      | Killed Blork the orc
  4706 | D:6      | Noticed Grinder
  4714 | D:6      | Killed Grinder
  4715 | D:6      | Reached skill level 5 in Invocations
  4799 | D:7      | Reached skill level 5 in Conjurations
  4799 | D:7      | Reached skill level 5 in Hexes
  4799 | D:7      | Reached skill level 5 in Summonings
  4799 | D:7      | Reached skill level 5 in Necromancy
  4799 | D:7      | Reached skill level 5 in Translocations
  4799 | D:7      | Reached skill level 5 in Fire Magic
  4799 | D:7      | Reached skill level 5 in Ice Magic
  4799 | D:7      | Reached skill level 5 in Air Magic
  4799 | D:7      | Reached skill level 5 in Earth Magic
  4799 | D:7      | Reached skill level 5 in Alchemy
  4799 | D:7      | Reached skill level 5 in Shapeshifting
  4799 | D:7      | Reached XP level 10. HP: 83/83 MP: 15/19
  4840 | D:7      | Found a stormy altar of Qazlal.
  4842 | D:7      | Identified a scroll of acquirement
  4842 | D:7      | Acquired the +4 kite shield of Jenk {rPois rN+ Regen+}
  5113 | D:7      | Noticed a two-headed ogre
  5114 | D:7      | Reached **** piety under Trog
  5122 | D:7      | Killed a two-headed ogre
  5594 | D:8      | Reached XP level 11. HP: 87/88 MP: 20/20
  5652 | D:8      | Found Postir Jabra's Antique Weapon Shoppe.
  5697 | D:8      | Noticed Joseph
  5716 | D:8      | Killed Joseph
  5760 | D:8      | Found a staircase to the Lair.
  5780 | D:8      | Found Qeuxzopp's Book Shop.
  5825 | D:8      | Found Mirefatu's Distillery.
  6128 | D:9      | Noticed a two-headed ogre
  6161 | D:9      | Killed a two-headed ogre
  6386 | D:9      | Identified the +1 robe "Sudd" {*Slow Str+4}
  6528 | D:9      | Noticed a two-headed ogre
  6537 | D:9      | Killed a two-headed ogre
  6711 | D:10     | Entered Level 10 of the Dungeon
  6799 | D:10     | Reached ***** piety under Trog
  6954 | D:10     | Found a staircase to the Orcish Mines.
  7783 | D:11     | Identified the +4 dagger "Zyipt" {pain, rElec rPois}
  7924 | D:11     | Noticed a boulder beetle
  7946 | D:11     | Killed a boulder beetle
  7947 | D:11     | Reached XP level 12. HP: 97/97 MP: 23/23
  7974 | D:11     | Reached skill level 10 in Fighting
  7974 | D:11     | Reached skill level 10 in Polearms
  8236 | D:11     | You fall into a shaft and drop 1 floor!
  8308 | D:12     | Found a roughly hewn altar of Beogh.
  8559 | D:12     | Found an ornate altar of the Wu Jian Council.
  8726 | D:12     | Noticed Psyche
  8732 | D:12     | Killed Psyche
  9235 | D:11     | Noticed Urug
  9240 | D:11     | Killed Urug
  9384 | Lair:1   | Entered Level 1 of the Lair of Beasts
  9476 | Lair:1   | Reached XP level 13. HP: 91/104 MP: 25/25
  9714 | Lair:1   | Received a gift from Trog
 10581 | Lair:2   | Reached skill level 10 in Armour
 10581 | Lair:2   | Reached skill level 10 in Dodging
 10728 | Lair:2   | Found a hole to the Spider Nest.
 10928 | Lair:2   | Found a staircase to the Shoals.
 11268 | Lair:3   | Noticed Sonja
 11287 | Lair:3   | Killed Sonja
 11707 | Lair:3   | Reached skill level 10 in Invocations
 12277 | Lair:4   | Reached XP level 14. HP: 100/113 MP: 27/27
 12289 | Lair:4   | Acquired the ring of Berevyil {rN+++ Will+++ EV+5 Int-4
                  | Dex-2}
 12392 | Lair:4   | Found a staircase to the Slime Pits.
 13148 | Lair:5   | Entered Level 5 of the Lair of Beasts
 13234 | Lair:5   | Found a frozen archway.
 13292 | IceCv    | Entered an ice cave
 14630 | Lair:5   | Noticed Kirke
 14642 | Lair:5   | Received a gift from Trog
 14659 | Lair:5   | Killed Kirke
 14896 | Lair:5   | Reached skill level 10 in Short Blades
 14896 | Lair:5   | Reached skill level 10 in Long Blades
 14896 | Lair:5   | Reached skill level 10 in Axes
 14896 | Lair:5   | Reached skill level 10 in Maces & Flails
 14896 | Lair:5   | Reached skill level 10 in Staves
 14896 | Lair:5   | Reached skill level 10 in Ranged Weapons
 14896 | Lair:5   | Reached skill level 10 in Throwing
 14896 | Lair:5   | Reached skill level 10 in Stealth
 14896 | Lair:5   | Reached skill level 10 in Shields
 14896 | Lair:5   | Reached skill level 10 in Unarmed Combat
 14896 | Lair:5   | Reached skill level 10 in Spellcasting
 14896 | Lair:5   | Reached skill level 10 in Evocations
 15361 | Lair:5   | Reached XP level 15. HP: 120/120 MP: 29/29
 15938 | D:13     | Received a gift from Trog
 15992 | D:13     | Noticed Rupert
 16011 | D:13     | Killed Rupert
 16011 | D:13     | Noticed Snorg
 16027 | D:13     | Slain by Snorg

Illustrated notes

Levels and vault maps discovered:
D:1:      nzn_arrival_settlement, layout_rooms
D:2:      layout_basic
D:3:      layout_basic, mainiacjoe_overflow_large_starburst
D:4:      layout_loops_cross, overflow_temple_1_default,
          minmay_temple_entry_wispy
D:5:      layout_loops_ring, uniq_pikel
D:6:      layout_basic, uniq_blork_the_orc, uniq_duvessa, uniq_grinder
D:7:      layout_loops_ring, mainiacjoe_overflow_paths, eino_tiny_chamber
D:8:      layout_cave_pools, serial_shops, shop, nicolae_shop_advertising_works
          [nicolae_subvault_shop_adworks], shop, uniq_joseph
D:9:      layout_roguey
D:10:     layout_loops_ring, zombieorc2_lemuel
D:11:     layout_loops_ring, uniq_urug
D:12:     layout_roguey [special_room_orc], pdpol_wu_jian_five_deadly_venoms,
          uniq_psyche
D:13:     layout_cave_pools, ebering_ghost_reflecting_pool,
          statue_in_the_mist_lemuel, uniq_rupert, uniq_snorg
Lair:1:   layout_regular_city, grunt_megastairs_5, serial_bayou_shore_b
Lair:2:   layout_chaotic_city, nicolae_shoals_entry_roost,
          spider_nest_entry_web_field
Lair:3:   layout_cave_shapes, chequers_serial_rivers_marsh,
          chequers_serial_rivers_micro_a, kennysheep_basilisk_garden,
          lemuel_fruit_fields, lemuel_fruit_fields, infiniplex_staircase_pool_2,
          serial_bayou_shore_a, uniq_sonja
Lair:4:   layout_regular_city, slime_entry_1, serial_bayou_pond_e,
          chequers_serial_rivers_small_b, grunt_megastairs_1
Lair:5:   minmay_lair_end_enchanted_forest, layout_small_grid,
          portal_ice_cave_rime, chequers_serial_rivers_large_a, roderic_batcave,
          serial_bayou_ford_a, lemuel_fruit_tree, lemuel_fruit_fields,
          uniq_kirke

Skill      XL: |  1  2  3  4  5  6  7  8  9 10 11 12 13 14 |
---------------+-------------------------------------------+-----
Invocations    | 1 2 3 4 6 7 8 9 10 11 | 11.1
Short Blades   | 1 2 3 6 7 8 9 10 | 10.2
Long Blades    | 1 2 3 6 7 8 9 10 | 10.2
Axes           | 1 2 3 6 7 8 9 10 | 10.2
Maces & Flails | 1 2 3 6 7 8 9 10 | 10.2
Staves         | 1 2 3 6 7 8 9 10 | 10.2
Ranged Weapons | 1 2 3 6 7 8 9 10 | 10.2
Throwing       | 1 2 3 6 7 8 9 10 | 10.2
Stealth        | 1 2 3 6 7 8 9 10 | 10.2
Shields        | 1 2 3 6 7 8 9 10 | 10.2
Unarmed Combat | 1 2 3 6 7 8 9 10 | 10.2
Spellcasting   | 1 2 3 6 7 8 9 10 | 10.2
Evocations     | 1 2 3 6 7 8 9 10 | 10.2
Shapeshifting  | 1 2 3 5 6 7 8 9 |  9.4
Conjurations   | 1 2 3 5 6 7 8 |  8.6
Hexes          | 1 2 3 5 6 7 8 |  8.6
Summonings     | 1 2 3 5 6 7 8 |  8.6
Necromancy     | 1 2 3 5 6 7 8 |  8.6
Translocations | 1 2 3 5 6 7 8 |  8.6
Fire Magic     | 1 2 3 5 6 7 8 |  8.6
Ice Magic      | 1 2 3 5 6 7 8 |  8.6
Air Magic      | 1 2 3 5 6 7 8 |  8.6
Earth Magic    | 1 2 3 5 6 7 8 |  8.6
Alchemy        | 1 2 3 5 6 7 8 |  8.6
Armour         | 5 6 7 8 9 10 11 | 11.2
Dodging        | 5 6 7 8 9 10 11 | 11.2
Fighting       | 7 9 10 11 12 | 12.1
Polearms       | 7 9 10 11 12 | 12.1

Action                     |  1- 3 |  4- 6 |  7- 9 | 10-12 | 13-15 || total
---------------------------+-------+-------+-------+-------+-------++-------
  Melee: Spear             |   100 |   261 |   130 |   577 |  1241 ||  2309
         Bite              |     6 |    21 |    17 |    89 |   148 ||   281
         Trident           |       |       |    72 |       |       ||    72
         Halberd           |       |       |    66 |   137 |       ||   203
  Throw: Dart              |       |       |       |     4 |    16 ||    20
         Javelin           |       |       |       |     1 |     3 ||     4
         Boomerang         |       |       |       |       |     2 ||     2
 Invoke: Berserk           |       |     3 |     4 |     7 |    11 ||    25
         Trog's Hand       |       |     2 |     4 |     2 |     7 ||    15
         Brothers in Arms  |       |       |       |     1 |     1 ||     2
  Evoke: Wand              |       |       |       |       |    59 ||    59
         Tin of tremorston |       |       |       |       |     1 ||     1
    Use: Scroll            |       |       |     6 |    22 |     8 ||    36
         Potion            |       |       |     1 |     3 |       ||     4
   Stab: Sleeping          |       |       |       |       |     2 ||     2
         Invisible         |       |       |       |       |     1 ||     1
         Distracted        |       |       |       |       |     2 ||     2
 Armour: Animal skin       |    16 |       |       |       |       ||    16
         Chain mail        |    21 |   151 |   197 |   426 |   616 ||  1411
  Dodge: Dodged            |    35 |    75 |    94 |   195 |   506 ||   905
  Block: Kite shield       |       |       |       |   330 |   918 ||  1248

Table legend: (Time is in decaauts)
 A = Elapsed time spent in this place.
 B = Non-inter-level travel time spent in this place.
 C = Inter-level travel time spent in this place.
 D = Time resting spent in this place.
 E = Time spent auto-exploring this place.
 F = Levels seen in this place.
 G = Mean time per level.
                   A        B        C        D        E       F      G
               +--------+--------+--------+--------+--------+-----+--------+
         Total |  15962 |  15295 |    667 |   1401 |   9770 |  19 |  840.1 |
       Dungeon |   9538 |   9064 |    474 |    543 |   6304 |  13 |  733.7 |
          Lair |   5191 |   4998 |    193 |    355 |   3088 |   5 | 1038.2 |
      Ice Cave |   1232 |   1232 |      0 |    502 |    377 |   1 | 1232.0 |
               +--------+--------+--------+--------+--------+-----+--------+

Top non-repeatable levels by time:
  Lair:5: 1387 daAuts
   IceCv: 1232 daAuts
  Lair:2: 1002 daAuts
     D:5: 956 daAuts
  Lair:1: 951 daAuts
  Lair:4: 946 daAuts
    D:12: 936 daAuts
     D:6: 930 daAuts
    D:11: 906 daAuts
  Lair:3: 902 daAuts
    D:10: 892 daAuts
     D:3: 789 daAuts
     D:7: 773 daAuts
     D:4: 762 daAuts
     D:2: 677 daAuts
